 Dungeon Crawl Stone Soup version 0.20.1-1-g8b1a95d (webtiles) character file.

60 Necronhym the Ducker (level 3, -5/36 HPs)
             Began as a Troll Fighter on Sept 25, 2017.
             Slain by a gnoll
             ... wielding a +4 spear
              (6 damage)
             ... on level 3 of the Dungeon.
             The game lasted 00:07:00 (874 turns).

Necronhym the Ducker (Troll Fighter)                 Turns: 874, Time: 00:07:00

Health: -5/36      AC:  5    Str: 25    XL:     3   Next: 80%
Magic:  2/2        EV:  8    Int:  4    God:
Gold:   72         SH:  9    Dex:  9    Spells: 2/2 levels left

rFire    . . .     SeeInvis .     - Unarmed
rCold    . . .     Gourm    +   b - +0 shield
rNeg     . . .     Faith    .   a - +0 robe
rPois    .         Spirit   .   (helmet restricted)
rElec    .         Reflect  .   (no cloak)
rCorr    .         Harm     .   (gloves unavailable)
MR       .....                  (boots unavailable)
Stlth    +.........             (no amulet)
Regen    0.6/turn               (no ring)
MPRegen  0.1/turn               (no ring)

@: no status effects
A: unfitting armour, claws 3, fast metabolism 3, gourmand, regeneration 1,
shaggy fur 1, tough skin 2
a: no special abilities


You were on level 3 of the Dungeon.
You were not hungry.

You visited 1 branch of the dungeon, and saw 3 of its levels.

You collected 72 gold pieces.

Inventory:

Hand Weapons
 k - a +0 halberd
Armour
 a - a +0 robe (worn)
 b - a +0 shield (worn)
 f - a +0 plate armour
 h - a +0 ring mail
 m - a +0 robe
 q - a +0 ring mail of fire resistance
Jewellery
 i - a +1 ring of slaying {unknown}
 u - an uncursed ring of resist corrosion {unknown}
Scrolls
 e - a scroll of enchant weapon {unknown}
 g - a scroll of magic mapping {unknown}
 p - 2 scrolls of recharging {unknown}
 s - 2 scrolls of teleportation {unknown}
 t - a scroll of identify {unknown}
Potions
 c - a potion of might
 l - a potion of berserk rage {unknown}
 n - a potion of mutation {unknown}
 o - a potion of brilliance {unknown}
 r - a potion of agility {unknown}
Comestibles
 d - 2 bread rations
 j - 6 chunks of flesh


   Skills:
 + Level 2.9 Fighting
 + Level 3.0 Dodging
 + Level 2.7 Shields
 + Level 2.3 Unarmed Combat


You had 2 spell levels left.
You didn't know any spells.

Dungeon Overview and Level Annotations

Branches:
Dungeon (3/15)

Altars:


Innate Abilities, Weirdness & Mutations

You are too large for most types of armour.
You have claws for hands.
Your metabolism is lightning-fast.
You like to eat raw meat.
Your natural rate of healing is unusually fast.
You are covered in fur. (AC +1)
You have very tough skin. (AC +2)


Message History

Your shield prevents you from hitting the leopard gecko.
The leopard gecko bites you but does no damage.
The gnoll hits you from afar with an enchanted spear!
You closely miss the leopard gecko. You block the leopard gecko's attack.
You block the gnoll's attack.
You closely miss the leopard gecko. The leopard gecko closely misses you.
The gnoll hits you but does no damage. The leopard gecko bites you.
A jackal comes into view.
You miss the leopard gecko.
The jackal barks!
The gnoll barely misses you. The leopard gecko barely misses you.
You miss the leopard gecko.
The leopard gecko bites you but does no damage.
You block the gnoll's attack.
You closely miss the leopard gecko. The leopard gecko bites you.
The gnoll hits you from afar with an enchanted spear!
* * * LOW HITPOINT WARNING * * *
You barely miss the leopard gecko. You block the leopard gecko's attack.
The gnoll hits you from afar with an enchanted spear.
You die...

#.## #.####....#
#...## #.........#
###...########....#
.........#####....#
#.[...%(.##......#
##...........#....#
.(....>...ggK.....#
##.......##l#...###
#........##@#.#...#
..###.#####.#.###.#
. ... .h#.# .# ###.
#..... . ## ##....
#. ..... .# ##...#
Z#.


You could see 2 gnolls, a bullfrog zombie (wandering), a leopard gecko, a jackal
and a kobold.

Vanquished Creatures
  2 gnolls
  An adder (D:2)
  4 dart slugs
  A leopard gecko (D:2)
  A ball python (D:3)
  A bat (D:2)
  3 giant cockroaches
  4 goblins
  A hobgoblin (D:3)
  2 frilled lizards
  A kobold (D:1)
  2 rats (D:1)
23 creatures vanquished.

Notes
Turn   | Place    | Note
-------+----------+-------------------------------------------
     0 | D:1      | Necronhym the Troll Fighter began the quest for the Orb.
     0 | D:1      | Reached XP level 1. HP: 22/22 MP: 0/0
    87 | D:1      | Reached XP level 2. HP: 12/29 MP: 1/1
   309 | D:2      | Reached XP level 3. HP: 35/36 MP: 2/2
   854 | D:3      | Reached skill level 3 in Dodging
   873 | D:3      | HP: 1/36 [gnoll/enchanted spear (11)]
   874 | D:3      | Slain by a gnoll

Skill      XL: |  1  2  3 |
---------------+----------+-----
Dodging        | 3 |  3.0
Fighting       | |  2.9
Shields        | |  2.7
Unarmed Combat | |  2.3

Action                   || total
-------------------------++-------
Melee: Unarmed           ||    82
  Eat: Chunk             ||     4
       Bread ration      ||     1
Armor: Robe              ||    27
Dodge: Dodged            ||    32
Block: Shield            ||    36
